 Dungeon Crawl Stone Soup version 0.21.1-1-g345015f (webtiles) character file.

182 inc the Magician (level 5, 0/31 HPs)
             Began as an Octopode Conjurer on June 12, 2018.
             Slain by a gnoll
             ... wielding a +0 spear
              (5 damage)
             ... on level 3 of the Dungeon.
             The game lasted 00:03:11 (2561 turns).

inc the Magician (Octopode Conjurer)                Turns: 2561, Time: 00:03:12

Health: 0/31       AC:  1    Str:  8    XL:     5   Next: 61%
Magic:  8/12       EV: 13    Int: 18    God:
Gold:   98         SH:  0    Dex: 12    Spells: 8/14 levels left

rFire    . . .     SeeInvis .   i - +1 dagger (elec)
rCold    . . .     Gourm    .   (no shield)
rNeg     . . .     Faith    .   (helmet restricted)
rPois    .         Spirit   .   (no amulet)
rElec    .         Reflect  .   (no ring)
rCorr    .         Harm     .   (no ring)
MR       .....                  (no ring)
Stlth    +++.......             (no ring)
HPRegen  0.10/turn              (no ring)
MPRegen  0.13/turn              (no ring)
                                (no ring)
                                (no ring)

@: no status effects
A: almost no armour, stealthy swim, amphibious, 8 rings, constrict 8, camouflage
1, gelatinous body 1
a: no special abilities


You were on level 3 of the Dungeon.
You were not hungry.

You visited 1 branch of the dungeon, and saw 3 of its levels.

You collected 98 gold pieces.

Inventory:

Hand Weapons
 i - a +1 dagger of electrocution (weapon)
Jewellery
 l - an uncursed ring of magical power {unknown}
Scrolls
 c - 5 scrolls of remove curse {unknown}
 g - 2 scrolls of enchant weapon {unknown}
 j - a scroll of enchant armour {unknown}
 k - 5 scrolls of identify {unknown}
 n - a scroll of teleportation {unknown}
Potions
 d - a potion of berserk rage {unknown}
 e - a potion of heal wounds {unknown}
 f - a potion of curing {unknown}
 h - 2 potions of might {unknown}
 m - a potion of mutation {unknown}
Books
 a - a book of Conjurations

   Spells                             Type                      Level
   a - Magic Dart                     Conjuration                  1
   b - Searing Ray                    Conjuration                  2
   c - Dazzling Spray                 Conjuration/Hexes            3
   d - Fulminant Prism                Conjuration/Hexes            4
   e - Force Lance                    Conjuration/Translocation    4
   f - Iskenderun's Mystic Blast      Conjuration                  4
Comestibles
 b - 9 rations


   Skills:
 - Level 2.0 Dodging
 - Level 2.6 Stealth
 + Level 5.2 Spellcasting
 - Level 4.0 Conjurations


You had 8 spell levels left.
You knew the following spells:

 Your Spells              Type           Power        Failure   Level  Hunger
a - Magic Dart            Conj           ###.         2%          1    None
b - Searing Ray           Conj           ###...       3%          2    #......
c - Dazzling Spray        Conj/Hex       ##....       17%         3    ##.....


Dungeon Overview and Level Annotations

Branches:
Dungeon (3/15)

Altars:
Elyvilon
Yredelemnul

Annotations:
D:2 Terence


Innate Abilities, Weirdness & Mutations

You cannot wear most types of armour.
You are very stealthy in the water. (Stealth+)
You are amphibious.
You can wear up to eight rings at the same time.
You can use your tentacles to constrict eight enemies at once.
Your skin changes colour to match your surroundings (Stealth+).
Your rubbery body absorbs attacks. (AC +1, EV +1)


Message History

The gnoll hits you from afar with a spear!
* * * LOW HITPOINT WARNING * * *
Unknown command.
The hound misses you.
You see here a gnoll corpse.
The gnoll hits the bush with a spear.
The hound misses you. The hound bites you.
* * * LOW HITPOINT WARNING * * *
You hit the hound. You grab the hound.
The hound is severely wounded.
You constrict the hound, but do no damage.
The hound completely misses you.
You hit the hound.
You squeeze the hound, but do no damage.
The hound is almost dead.
You constrict the hound.
You kill the hound!
The gnoll hits you from afar with a spear.
You die...

######## #.<....#
####### #.####.#
#...... #.####.##
#.#####
#@##....####.#
#....#....).÷#
#g.#.#.#######
#+#+#P†..).#
#...'....#########
#...#P.#.###.....###
#...#..#.#.........#
### #....#....#....#
#.####..)......###


You could see a gnoll.

Vanquished Creatures
  2 hounds (D:3)
  Jessica (D:3)
  5 gnolls
  A dart slug (D:3)
  2 leopard geckos
  An orc (D:3)
  2 giant cockroaches
  3 hobgoblins
  5 jackals
  5 bats
  7 frilled lizards
  6 goblins
  5 kobolds
  2 rats
47 creatures vanquished.

Notes
Turn   | Place    | Note
-------+----------+-------------------------------------------
     0 | D:1      | inc the Octopode Conjurer began the quest for the Orb.
     0 | D:1      | Reached XP level 1. HP: 11/11 MP: 3/3
   261 | D:1      | Reached XP level 2. HP: 17/17 MP: 2/5
   553 | D:1      | Reached skill level 3 in Spellcasting
   683 | D:1      | Reached XP level 3. HP: 21/21 MP: 2/7
  1072 | D:2      | Noticed Terence
  1085 | D:2      | Learned a level 2 spell: Searing Ray
  1089 | D:2      | Learned a level 3 spell: Dazzling Spray
  1204 | D:2      | Found a white marble altar of Elyvilon.
  1453 | D:2      | Found a basalt altar of Yredelemnul.
  2257 | D:3      | Noticed Jessica
  2263 | D:3      | Killed Jessica
  2263 | D:3      | Reached skill level 4 in Spellcasting
  2263 | D:3      | Reached XP level 4. HP: 27/27 MP: 2/10
  2507 | D:3      | Reached XP level 5. HP: 31/31 MP: 7/12
  2554 | D:3      | Reached skill level 5 in Spellcasting
  2561 | D:3      | Slain by a gnoll

Skill      XL: |  1  2  3  4  5 |
---------------+----------------+-----
Spellcasting   | 3 4 5 |  5.2
Dodging        | |  2.0
Stealth        | |  2.6
Conjurations   | |  4.0

Action                   |  1- 3 |  4- 6 || total
-------------------------+-------+-------++-------
Melee: Unarmed           |    18 |       ||    18
       Constrict         |     6 |     1 ||     7
       Tentacles         |     3 |     1 ||     4
       Dagger            |       |     4 ||     4
 Cast: Magic Dart        |    66 |     4 ||    70
       Searing Ray       |       |     4 ||     4
 Stab: Sleeping          |       |     1 ||     1
  Eat: Chunk             |     4 |     1 ||     5
Armor: Skin              |     5 |       ||     5
Dodge: Dodged            |    29 |    12 ||    41
